 Dungeon Sprint DCSS version 0.29-a0-824-gd827844252 (webtiles) character file.

Game seed: 17926957462763438391

16950 123456 the Slayer (level 12, -3/136 HPs)
             Began as a Minotaur Fighter on July 10, 2022.
             Was the Champion of Okawaru.
             Slain by an orc knight
             ... wielding a +0 battleaxe
              (15 damage)
             ... in the Dungeon (Sprint IX: "|||||||||||||||||||||||||||||").
             The game lasted 00:03:32 (2497 turns).

123456 the Slayer (Minotaur Fighter)                Turns: 2497, Time: 00:03:33

Health: -3/136     AC: 31    Str: 22    XL:     12   Next: 14%
Magic:  3/11       EV: 14    Int:  5    God:    Okawaru [******]
Gold:   1310       SH:  0    Dex: 17    Spells: 11/11 levels left

rFire   . . .      SeeInvis .   n - +2 dire flail (vorpal)
rCold   . . .      Faith    .   (shield currently unavailable)
rNeg    . . .      Spirit   .   p - +6 plate armour
rPois   .          Reflect  .   v - +1 hat {Will+}
rElec   .          Harm     .   o - +2 cloak
rCorr   .          Rampage  .   (no gloves)
Will    +....      NoTele   +   t - +0 pair of boots
Stlth   ..........              (no amulet)
HPRegen 0.32/turn               q - +3 ring of dexterity
MPRegen 0.12/turn               r - +2 ring of protection

@: no status effects
A: horns 2, retaliatory headbutt
a: Renounce Religion, Heroism, Finesse


You were in the Dungeon.
You worshipped Okawaru.
Okawaru was exalted by your worship.
You visited 1 branch You collected 1310 gold pieces.

Inventory:

Hand Weapons
 a - a +0 flail
 n - a +2 vorpal dire flail (weapon)
Armour
 b - a +0 scale mail
 c - a +0 buckler
 o - a +2 cloak (worn)
 p - a +6 plate armour (worn)
 t - a +0 pair of boots (worn)
 v - a +1 hat of willpower (worn)
Jewellery
 q - a +3 ring of dexterity (left hand)
 r - a +2 ring of protection (right hand)
Wands
 m - a wand of iceblast (10)
Scrolls
 j - 2 scrolls of blinking
 l - 2 scrolls of amnesia
 u - a scroll of identify
Potions
 d - a potion of might
 e - a potion of curing
 g - a potion of haste
 h - 4 potions of magic
 i - 3 potions of berserk rage
 k - a potion of invisibility
 s - a potion of brilliance


   Skills:
 * Level 21.4 Fighting
 * Level 21.3 Maces & Flails
 + Level 15.6 Armour
 + Level 14.2 Dodging
 - Level 3.6 Shields


You had 11 spell levels left.
You didn't know any spells.
Your spell library was empty.

Dungeon Overview and Level Annotations

Branches:
Dungeon (1/1)

Altars:
Cheibriados
Dithmenos
Elyvilon
Fedhas
Gozag
Hepliaklqana
Kikubaaqudgha
Makhleb
Nemelex Xobeh
Okawaru
Qazlal
Ru
Sif Muna
Trog
Uskayaw
Vehumet
Wu Jian
Xom
Yredelemnul
Zin
The Shining One
Jiyva
Lugonu

Shops:
D [[[(


Innate Abilities, Weirdness & Mutations

You have a pair of horns on your head.
You reflexively headbutt those who attack you in melee.


Message History

The bolt completely misses you.
Found Lapuax's Antique Armour Shop.
The orc knight unwields a +0 arbalest.
The orc knight wields a +0 broad axe.
The orc knight barely misses you.
Things that are here:
a +0 flail; 100 gold pieces You puncture the orc knight!
The orc knight is lightly wounded.
The orc knight completely misses you.
You sock the orc knight! You headbutt the orc knight.
The orc knight is moderately wounded.
The orc high priest mumbles some strange prayers to Beogh.
You sock the orc knight!
The orc knight is severely wounded.
The orc knight hits you with a +0 broad axe!!
* * * LOW HITPOINT WARNING * * *
You barely miss the orc knight.
The orc knight is severely wounded.
An orc knight comes into view. It is wielding a +0 broad axe.
The orc knight shouts!
You impale the orc knight!!
You kill the orc knight!
Okawaru accepts your kill.
You feel better.
The orc high priest calls down the wrath of Beogh upon you.
Beogh smites you!
* * * LOW HITPOINT WARNING * * *
An orc knight comes into view. It is wielding a +0 battleaxe.
You feel better.
You feel like a meek peon again.
The orc knight shouts!
You hear a shout!
The orc knight no longer looks unusually strong.
The orc high priest utters an invocation to Beogh.
The orc knight roars a battlecry!
The orc knight goes into a battle-frenzy!
The orc knight misses you. You furiously retaliate!
You headbutt the orc knight.
You hit the orc knight but do no damage.
The orc knight is lightly wounded.
The orc knight hits you with a +0 battleaxe!
You die...

▓▓▓▓▓▓▓▓▓▓▓▓▓▓▓▓▓▓▓▓▓▓▓▓
oo4oo4o@))))'....)))))))
▓▓▓▓▓▓▓▓▓▓▓▓▓▓▓▓▓▓▓▓▓▓▓▓▓▓▓▓▓▓▓▓▓
.................................
▓▓▓▓▓▓▓▓▓▓▓▓▓▓▓▓▓▓▓▓▓▓▓▓▓▓▓▓▓▓▓▓▓
.[[.[..'...).......÷÷.......†.†[.
▓▓▓▓▓▓▓▓▓▓▓▓▓▓▓▓▓▓▓▓▓▓▓▓▓▓▓▓▓▓▓▓▓
.................................
▓▓▓▓▓▓▓▓▓▓▓▓▓▓▓▓▓▓▓▓▓▓▓▓▓▓▓▓▓▓▓▓▓
..(')....)'...[..)..'____________


You could see 3 orc knights, 2 orc high priests, an ice devil (summoned) and a
red devil (summoned).

Vanquished Creatures
  Gastronok (D)
  A hydra (D)
  A boulder beetle (D)
  A death yak (D)
  A centaur warrior (D)
  4 orc high priests (D)
  4 lindwurms (D)
  7 orc knights (D)
  An orc sorcerer (D)
  A manticore (D)
  A cyclops (D)
  2 cane toads (D)
  A rime drake (shapeshifter) (D)
  A rime drake (D)
  2 komodo dragons (D)
  A troll (D)
  3 tyrant leeches (D)
  A blink frog (D)
  A hornet (D)
  A shadow (D)
  2 yaks (D)
  3 basilisks (D)
  3 water moccasins (D)
  7 orc warriors (D)
  A kobold brigand (D)
  4 bullfrogs (D)
  A howler monkey (D)
  A hound (D)
  4 orc priests (D)
  An iguana (D)
  2 orc wizards (D)
  An adder (D)
  A gnoll (D)
  An ufetubus (D)
  A worm (D)
  7 orcs (D)
  A hobgoblin (D)
  2 quokkas (D)
  2 bats (D)
81 creatures vanquished.

Notes
Turn   | Place    | Note
-------+----------+-------------------------------------------
     0 | D        | 123456 the Minotaur Fighter began the quest for the Orb.
     0 | D        | Reached XP level 1. HP: 19/19 MP: 0/0
     6 | D        | Reached skill level 1 in Dodging
     6 | D        | Reached XP level 2. HP: 28/28 MP: 1/1
    26 | D        | Reached skill level 5 in Maces & Flails
    26 | D        | Reached XP level 3. HP: 33/37 MP: 2/2
    28 | D        | Reached skill level 5 in Armour
    36 | D        | Reached XP level 4. HP: 22/45 MP: 3/3
    46 | D        | Found a snail-covered altar of Cheibriados.
    46 | D        | Found a shadowy altar of Dithmenos.
    46 | D        | Found a white marble altar of Elyvilon.
    46 | D        | Found a blossoming altar of Fedhas.
    46 | D        | Found an opulent altar of Gozag.
    47 | D        | Found a hazy altar of Hepliaklqana.
    48 | D        | Found a viscous altar of Jiyva.
    49 | D        | Found an ancient bone altar of Kikubaaqudgha.
    50 | D        | Found a corrupted altar of Lugonu.
    51 | D        | Found a burning altar of Makhleb.
    52 | D        | Found a sparkling altar of Nemelex Xobeh.
    53 | D        | Found an iron altar of Okawaru.
    54 | D        | Found a stormy altar of Qazlal.
    55 | D        | Found a sacrificial altar of Ru.
    56 | D        | Found a shimmering blue altar of Sif Muna.
    57 | D        | Found a bloodstained altar of Trog.
    58 | D        | Found a hide-covered altar of Uskayaw.
    59 | D        | Found a radiant altar of Vehumet.
    60 | D        | Found an ornate altar of the Wu Jian Council.
    61 | D        | Found a shimmering altar of Xom.
    65 | D        | Became a worshipper of Warmaster Okawaru
    69 | D        | Found a basalt altar of Yredelemnul.
    70 | D        | Found a glowing silver altar of Zin.
    71 | D        | Found a glowing golden altar of the Shining One.
    79 | D        | Found the +14 obsidian axe {vorpal, Mesm Drain Fly SInv}
   256 | D        | Noticed a kobold brigand
   256 | D        | Noticed a yak
   256 | D        | Noticed a troll
   256 | D        | Noticed a hornet
   256 | D        | Noticed a shadow
   258 | D        | Killed a shadow
   258 | D        | Reached * piety under Okawaru
   259 | D        | Reached skill level 5 in Dodging
   259 | D        | Reached XP level 5. HP: 53/57 MP: 4/4
   262 | D        | Paralysed by a hornet for 1 turns
   263 | D        | Killed a hornet
   264 | D        | Reached skill level 10 in Fighting
   264 | D        | Reached skill level 10 in Maces & Flails
   264 | D        | Reached XP level 6. HP: 32/67 MP: 5/5
   267 | D        | Killed a troll
   267 | D        | Reached ** piety under Okawaru
   268 | D        | Reached XP level 7. HP: 27/74 MP: 6/6
   280 | D        | Killed a yak
   582 | D        | Noticed a boulder beetle
   582 | D        | Noticed a cyclops
   582 | D        | Noticed a black mamba
   582 | D        | Noticed a seven-headed hydra
   582 | D        | Noticed a centaur warrior
   582 | D        | Noticed a manticore
   584 | D        | Killed a manticore
   584 | D        | Reached *** piety under Okawaru
   585 | D        | Reached XP level 8. HP: 86/86 MP: 7/7
   589 | D        | Killed a centaur warrior
   589 | D        | Reached **** piety under Okawaru
   590 | D        | Reached skill level 10 in Armour
   595 | D        | Noticed a rime drake
   595 | D        | a black mamba changed into a rime drake
   601 | D        | Killed a seven-headed hydra
   602 | D        | Reached skill level 15 in Fighting
   602 | D        | Reached XP level 9. HP: 18/97 MP: 8/8
   604 | D        | Killed a rime drake
   604 | D        | Reached ***** piety under Okawaru
   605 | D        | Reached skill level 15 in Maces & Flails
   609 | D        | Killed a cyclops
   610 | D        | Reached skill level 10 in Dodging
   932 | D        | Killed a boulder beetle
  1068 | D        | Noticed a cane toad
  1068 | D        | Noticed a komodo dragon
  1078 | D        | Reached XP level 10. HP: 108/108 MP: 9/9
  1087 | D        | Killed a cane toad
  1238 | D        | Reached ****** piety under Okawaru
  1240 | D        | Noticed a death yak
  1243 | D        | Identified the +3 scale mail of Skepticism {-Tele rPois
                  | Will+} (Okawaru gifted it to you in the Dungeon)
  1243 | D        | Received a gift from Okawaru
  1243 | D        | Noticed a cane toad
  1255 | D        | Killed a death yak
  1259 | D        | Killed a cane toad
  1399 | D        | Noticed a lindwurm
  1399 | D        | Noticed a lindwurm
  1399 | D        | Noticed a lindwurm
  1402 | D        | Killed a lindwurm
  1403 | D        | Noticed a lindwurm
  1407 | D        | Killed a lindwurm
  1408 | D        | Reached XP level 11. HP: 105/121 MP: 10/10
  1417 | D        | Killed a lindwurm
  1428 | D        | Killed a lindwurm
  1859 | D        | Noticed Gastronok
  1873 | D        | Killed Gastronok
  1904 | D        | Noticed an orc knight
  1904 | D        | Noticed an orc knight
  1913 | D        | Killed an orc knight
  1920 | D        | Killed an orc knight
  1921 | D        | Noticed an orc high priest
  1924 | D        | Received a gift from Okawaru
  1943 | D        | Killed an orc high priest
  2205 | D        | Noticed an orc knight
  2205 | D        | Noticed an orc sorcerer
  2212 | D        | Killed an orc sorcerer
  2224 | D        | Killed an orc knight
  2440 | D        | Found Jettohuk's Antique Weapon Boutique.
  2440 | D        | Noticed an orc knight
  2440 | D        | Noticed an orc knight
  2440 | D        | Noticed an orc high priest
  2440 | D        | Noticed an orc knight
  2440 | D        | Noticed an orc high priest
  2441 | D        | Noticed an orc high priest
  2442 | D        | Noticed an orc knight
  2448 | D        | Killed an orc high priest
  2449 | D        | Reached skill level 15 in Armour
  2449 | D        | Found Utzuam Etug's Armour Shop.
  2461 | D        | Killed an orc knight
  2467 | D        | Killed an orc high priest
  2473 | D        | Killed an orc knight
  2474 | D        | Reached XP level 12. HP: 36/136 MP: 4/11
  2474 | D        | Found Madoceski's Antique Armour Boutique.
  2478 | D        | Noticed an orc high priest
  2482 | D        | Noticed an orc high priest
  2487 | D        | Killed an orc high priest
  2489 | D        | Found Lapuax's Antique Armour Shop.
  2495 | D        | HP: 5/136 [orc high priest/divine providence (11)]
  2497 | D        | Slain by an orc knight

Illustrated notes

Levels and vault maps discovered:
D:        linesprint [early_d, line_temple, items_1, d_10, items_2, lair_1,
          lair_end, items_3, orc_1, orc_end, items_4, d_15, swamp_1, shoals_1,
          snake_1, spider_1, d_20, vaults_1, items_5, swamp_end, shoals_end,
          snake_end, spider_end, vaults_end, d_27, items_6, zot_1, zot_end,
          crypt_end, forest_end, elf_end, slime_end, tomb_end, abyss_end,
          pan_hell_end]

Skill      XL: |  1  2  3  4  5  6  7  8  9 10 11 |
---------------+----------------------------------+-----
Fighting       | 4 6 9 10 11 13 15 16 18 21 | 21.4
Maces & Flails | 3 5 6 8 10 11 13 14 16 18 21 | 21.3
Armour         | 4 5 6 7 8 9 11 13 15 | 15.6
Dodging        | 1 2 3 5 6 7 8 9 10 12 14 | 14.2
Shields        | |  3.6

Action                   |  1- 3 |  4- 6 |  7- 9 | 10-12 || total
-------------------------+-------+-------+-------+-------++-------
Melee: Flail             |    24 |     5 |       |       ||    29
       Headbutt          |     1 |     3 |    18 |    45 ||    67
       Dire flail        |       |    10 |    54 |   210 ||   274
Invok: Heroism           |       |       |       |     2 ||     2
       Finesse           |       |       |       |     1 ||     1
  Use: Potion            |       |     1 |     3 |     7 ||    11
       Scroll            |       |       |     8 |       ||     8
Armor: Scale mail        |    14 |     1 |       |       ||    15
       Plate armour      |       |     8 |    34 |    43 ||    85
Dodge: Dodged            |    15 |     5 |    26 |    57 ||   103
Block: Buckler           |     5 |     2 |       |       ||     7

Table legend: (Time is in decaauts)
 A = Elapsed time spent in this place.
 B = Non-inter-level travel time spent in this place.
 C = Inter-level travel time spent in this place.
 D = Time resting spent in this place.
 E = Time spent auto-exploring this place.
 F = Levels seen in this place.
 G = Mean time per level.
                   A        B        C        D        E       F      G
               +--------+--------+--------+--------+--------+-----+--------+
         Total |   2393 |   2393 |      0 |   1317 |    653 |   1 | 2393.0 |
       Dungeon |   2393 |   2393 |      0 |   1317 |    653 |   1 | 2393.0 |
               +--------+--------+--------+--------+--------+-----+--------+

Top non-repeatable levels by time:
       D: 2393 daAuts
